Map: Lerilak Crest

Players

TuuSAmo

  • Race: Zerg Zerg

OldSkuL - Winner!

  • Race: Zerg Zerg
  • League: Bronze

VOD

Have the link to the VOD?

Description

Time

  • Played on: Nov. 22, 2015, 10:52 p.m.
  • Length: 6:00
Show
View Real Time Build Order
Export as new Build Order

TuuSAmo Zerg 

Build Orders: Pool First 

Get SALT Encoding   

  12  0:01  Drone  
  13  0:09  Drone  
  14  0:16  Overlord  
  14  0:36  Spawning Pool  
  13  0:43  Drone  
  14  1:07  Drone, Extractor  
  14  1:12  Hatchery  
  14  1:17  Drone  
  14  1:18  Drone  
  15  1:31  Queen  
  17  1:46  Zergling x2  
  18  1:48  Drone x2  
  20  2:10  Zergling x4  
  19  2:24  Zergling x2  
  19  2:27  Zergling x2  
  19  2:29  Queen  
  23  2:39  Zergling x4  
  24  2:50  Zergling x4  
  25  3:07  Overlord  
  25  3:08  Overlord x2  
  25  3:14  Metabolic Boost  
  25  3:30  Drone x2  
  25  3:31  Drone  
  26  3:58  Zergling x6  
  26  3:59  Zergling x4  
  31  4:18  Zergling x2  
  26  4:26  Zergling x2  
  26  4:27  Zergling x2  
  25  4:43  Zergling x2  
  25  4:44  Zergling x8  
  27  4:54  Zergling x4  
  28  5:09  Zergling x4  
  28  5:10  Zergling x4  
  32  5:17  Drone  
  32  5:18  Drone  
  31  5:37  Zergling x4  
  31  5:42  Drone  
Show
View Real Time Build Order
Export as new Build Order

OldSkuL Zerg - Winner!

Build Orders: Pool First 

Get SALT Encoding   

  12  0:04  Extractor  
  11  0:07  Drone  
  12  0:27  Spawning Pool  
  11  0:30  Drone  
  12  0:36  Drone  
  13  0:49  Overlord  
  13  0:55  Drone  
  14  1:13  Metabolic Boost  
  14  1:19  Zergling x2  
  14  1:20  Zergling x4  
  17  1:32  Queen  
  19  2:00  Drone  
  19  2:01  Hatchery  
  19  2:05  Drone  
  20  2:09  Drone  
  20  2:13  Drone  
  21  2:26  Overlord  
  21  2:38  Drone  
  22  2:44  Drone  
  22  2:56  Zergling x2  
  23  3:04  Zergling x6  
  26  3:10  Zergling x2  
  26  3:11  Baneling Nest  
  26  3:14  Drone, Queen  
  26  3:18  Zergling x2  
  30  3:27  Overlord  
  30  3:29  Drone  
  31  3:41  Drone x2  
  33  3:45  Drone  
  32  3:56  Drone  
  32  3:57  Zergling x2  
  34  4:04  Zergling x2  
  34  4:07  Zergling x2  
  34  4:09  Baneling x5  
  36  4:13  Zergling x2  
  34  4:27  Zergling x4  
  35  4:38  Spine Crawler  
  33  4:40  Zergling x2  
  33  4:43  Zergling x4  
  33  4:44  Zergling x2  
  33  4:57  Zergling x6  
  33  4:58  Zergling x4  
  38  5:10  Zergling x2, Baneling x4  
  38  5:11  Zergling x2  
  39  5:26  Zergling x6  
  42  5:35  Roach Warren  
  41  5:36  Zergling x2  
  41  5:37  Zergling x4  
  44  5:46  Drone, Extractor  
Tags
 
Add a new tag
Caveats
  • Supply blocks, unpowered buildings, or Contaminate may cause inaccurate times.
  • Supply counts are checked every 10 seconds.